 Dungeon Crawl Stone Soup version 0.21-a0-251-g5e8393f (webtiles) character file.

16485 tidbits the Fighter (level 11, 92/110 HPs)
             Began as a Demigod Wanderer on Sept 5, 2017.
             Quit the game on level 2 of the Orcish Mines.
             The game lasted 01:26:41 (8777 turns).

tidbits the Fighter (Demigod Wanderer)              Turns: 8777, Time: 01:26:41

Health: 92/110     AC: 27    Str: 18    XL:     11   Next: 81%
Magic:  26/26      EV: 14    Int: 17    God:
Gold:   937        SH:  0    Dex: 21    Spells: 12/12 levels left

rFire    . . .     SeeInvis .   a - +2 short sword (drain)
rCold    . . .     Gourm    +   (no shield)
rNeg     . . .     Faith    .   B - +8 chain mail "Ekaucock" {Dex+4}
rPois    .         Spirit   .   E - +2 helmet
rElec    .         Reflect  .   C - +2 cloak
rCorr    .         Harm     .   G - +0 pair of gloves
MR       +....                  F - +2 pair of boots
Stlth    ..........             K - amulet of the gourmand
HPRegen  0.28/turn              p - ring of magical power
MPRegen  0.20/turn              (no ring)

@: no status effects
A: high mp 1
a: no special abilities


You were on level 2 of the Orcish Mines.
You were completely stuffed.

You visited 3 branches of the dungeon, and saw 15 of its levels.

You collected 1150 gold pieces.
You spent 213 gold pieces at shops.

Inventory:

Hand Weapons
 a - a +2 short sword of draining (weapon)
   (You took it off a kobold on level 1 of the Dungeon)
 b - a +1 great sword of slicing
   (You found it on level 10 of the Dungeon)
 e - a +0 war axe of venom
   (You took it off an orc on level 1 of the Orcish Mines)
 h - a +2 scimitar of holy wrath
   (You took it off Urug on level 10 of the Dungeon)
 V - a +1 shortbow of flaming
   (You took it off a centaur on level 12 of the Dungeon)
Missiles
 s - 347 arrows
 J - 4 javelins of penetration
 M - 44 stones (quivered)
 U - 3 throwing nets {!f}
 W - 29 tomahawks
Armour
 B - the +8 chain mail "Ekaucock" (worn) {Dex+4}
   (You found it on level 4 of the Dungeon)

   It affects your dexterity (+4).
 C - a +2 cloak (worn)
 E - a +2 helmet (worn)
 F - a +2 pair of boots (worn)
 G - a +0 pair of gloves (worn)
Jewellery
 p - a ring of magical power (left hand)
   (You found it on level 2 of the Dungeon)
 x - the ring of Kaheda {rF+ rC+ Str-5 Dex+5}
   (You found it on level 10 of the Dungeon)

   [ring of protection from fire]

   It affects your strength (-5).
   It affects your dexterity (+5).
   It protects you from fire.
   It protects you from cold.
 K - an amulet of the gourmand (around neck)
   (You found it on level 7 of the Dungeon)
Wands
 c - a wand of confusion (0/48)
 d - a wand of digging (19/24)
 A - a wand of lightning (0/15)
 Q - a wand of enslavement (0/24)
 Y - a wand of flame (17/48)
 Z - a wand of clouds (0/9)
Scrolls
 k - 7 scrolls of teleportation
 m - 2 scrolls of fog
 o - 3 scrolls of magic mapping
 r - 2 scrolls of remove curse
 t - 3 scrolls of immolation
 y - a scroll of holy word
 z - 3 scrolls of blinking
Potions
 j - a potion of haste
 l - 4 potions of curing
 q - a potion of heal wounds
 O - 2 potions of lignification
 P - a potion of might
 T - a potion of cancellation
Comestibles
 L - 10 bread rations


   Skills:
 - Level 14.2 Fighting
 - Level 1.8 Axes
 - Level 1.2 Throwing
 - Level 2.8 Armour
 - Level 10.4 Dodging
 + Level 1.1 Spellcasting
 - Level 4.0 Evocations


You had 12 spell levels left.
You didn't know any spells.

Dungeon Overview and Level Annotations

Branches:
Dungeon (12/15)            Temple (0/1) D:7            Lair (1/6) D:10
    Orc (2/2) D:10
    Elf: Orc:2

Shops:
D:4 :(?%   D:9 [:[*=   D:11 ?

Annotations:
D:4 tsouns's ghost, novice GnBe


Innate Abilities, Weirdness & Mutations

You have an increased reservoir of magic. (+10% MP)


Message History

There are no items here.
You now have 918 gold pieces (gained 19).
There are no items here.
Eating a chunk of flesh.
You eat the chunk of flesh.
This raw flesh tastes great.
Things that are here:
a club; an orc corpse An orc warrior comes into view.
It is wielding a short sword.
The orc warrior shouts!
You puncture the orc warrior!
The orc warrior is moderately wounded.
The orc warrior barely misses you.
You hit the orc warrior but do no damage.
The orc warrior is moderately wounded.
The orc warrior barely misses you.
You hit the orc warrior but do no damage.
The orc warrior is moderately wounded.
The orc warrior closely misses you.
You hit the orc warrior but do no damage.
You drain the orc warrior!
The orc warrior is moderately wounded.
The orc warrior misses you.
You hit the orc warrior but do no damage.
The orc warrior is moderately wounded.
The orc warrior hits you with a short sword.
* * * LOW HITPOINT WARNING * * *
Your chain mail "Ekaucock" prevents you from hitting the orc warrior.
The orc warrior is moderately wounded.
The orc warrior hits you but does no damage.
You hit the orc warrior but do no damage.
The orc warrior is moderately wounded.
The orc warrior hits you but does no damage. x2
You hit the orc warrior but do no damage.
The orc warrior is moderately wounded.
The orc warrior hits you but does no damage.
You hit the orc warrior but do no damage.
The orc warrior is moderately wounded.
The orc warrior hits you but does no damage.
You hit the orc warrior but do no damage.
You drain the orc warrior!
The orc warrior is heavily wounded.
The orc warrior closely misses you.
You hit the orc warrior. You drain the orc warrior!
The orc warrior is severely wounded.
The orc warrior hits you but does no damage.
You closely miss the orc warrior.
The orc warrior is severely wounded.
The orc warrior hits you but does no damage.
You hit the orc warrior. You drain the orc warrior!
You kill the orc warrior!
Your Spellcasting skill increases to level 1!
Things that are here:
a short sword; a plate armour; an orc corpse
Found 19 gold pieces.
You now have 937 gold pieces (gained 19).
Wield which item (- for none, * to show all)? (? for menu, Esc to quit)
Your +0 war axe of venom begins to drip with poison!
e - a +0 war axe of venom (weapon)
Wield which item (- for none, * to show all)? (? for menu, Esc to quit)
Your +0 war axe of venom stops dripping with poison.
You sense an unholy aura.
a - a +2 short sword of draining (weapon)
Search for what [Enter for "."]? weapon
Things that are here:
a club; an orc skeleton
Items here: ))))) [[[ รทรท You see here a spear.
There is a stone staircase leading down here.
You climb downwards.
A warg, 6 orcs and an ogre come into view.
The warg howls!
The ogre shouts!
The orc warrior shouts! x2; The orc shouts! x2
You hear a shout!
Found 100 gold pieces.
Found a roughly hewn altar of Beogh.
There is a stone staircase leading up here.
You climb upwards.
There is a stone staircase leading down here.
There is a stone staircase leading down here.
You climb downwards.
Found 49 gold pieces.
There is a stone staircase leading up here.
You climb upwards.
There is a stone staircase leading down here.
Things that are here:
a ring mail; a flail
Things that are here:
a runed robe; a dagger
Things that are here:
a plate armour; an enchanted great sword
Things that are here:
a plate armour; a dire flail
There is a stone staircase leading down here.
You climb downwards. 4 orcs, 2 orc wizards and an ogre come into view.
An orc wizard is wielding a dagger of freezing.
An orc wizard is wielding a dagger of venom.
The ogre shouts!
The orc shouts!
The orc wizard shouts!
The orc shouts! x2
You hear a shout!
The orc hits you but does no damage. x2
Found 43 gold pieces.
There is a stone staircase leading up here.
Are you sure you want to abandon this character and quit the game? (Confirm with "yes".)

###.##. ## ##.#.....
##.##........
#......$.....
##...........
#....oo..$............
#...o................
#.@oo..............
#.O................
#.$................
##.................
..................
.o..............<.
..................
..#...........#....
.........


You could see an ogre, 2 orc wizards and 4 orcs.

Vanquished Creatures
  Josephine (D:11)
  An ettin (Orc:1)
  Fannar (D:10)
  Erolcha (D:10)
  Urug (D:10)
  Nergalle (Orc:1)
  A wizard (D:10)
  2 orc knights (Orc:1)
  An orc sorcerer (Orc:1)
  A cyclops (D:11)
  Psyche (D:10)
  A komodo dragon (D:9)
  5 trolls
  A queen bee (D:10)
  Prince Ribbit (D:6)
  3 hippogriffs
  A spriggan (D:7)
  4 wraiths (D:11)
  2 vampire mosquitoes (D:11)
  A warg (Orc:1)
  A hungry ghost (D:11)
  A water moccasin (D:10)
  13 orc warriors
  2 sky beasts
  2 ice beasts
  A black bear (D:8)
  A phantom (D:8)
  A necrophage (D:9)
  28 killer bees
  3 ogres
  8 centaurs
  2 bullfrogs
  2 gnoll sergeants
  A scorpion (D:4)
  3 wights (D:11)
  6 howler monkeys
  2 crimson imps
  A bullfrog zombie (D:5)
  2 centaur zombies (D:8)
  4 hounds
  8 orc priests
  3 centaur skeletons
  Jessica (D:3)
  3 iguanas
  Natasha (thrice) (D:3)
  8 orc wizards
  7 worker ants
  A killer bee zombie (D:5)
  A hound zombie (D:6)
  13 adders
  14 gnolls
  2 howler monkey skeletons
  An ooze (D:3)
  2 adder skeletons
  A worm (D:2)
  2 dart slugs
  3 leopard geckos
  51 orcs
  4 giant cockroaches
  7 goblins
  7 hobgoblins
  4 jackals (D:5)
  8 quokkas
  2 ball pythons
  8 bats
  2 frilled lizards
  11 kobolds
  A leopard gecko skeleton (D:4)
  A leopard gecko zombie (D:7)
  A quokka skeleton (D:5)
  A quokka zombie (D:5)
  6 rats
302 creatures vanquished.

Vanquished Creatures (collateral kills)
  5 killer bees
  A worker ant (D:9)
6 creatures vanquished.

Vanquished Creatures (others)
  A wyvern (D:9)
  An orc warrior (D:9)
  5 killer bees
  An orc (D:6)
8 creatures vanquished.

Grand Total: 316 creatures vanquished

Notes
Turn   | Place    | Note
-------+----------+-------------------------------------------
     0 | D:1      | tidbits the Demigod Wanderer began the quest for the Orb.
     0 | D:1      | tidbits set off with: a wand of confusion (15/48), a +0 ring mail, a +0 hand axe, a bread ration
     0 | D:1      | Reached XP level 1. HP: 22/22 MP: 3/3
   180 | D:1      | Reached XP level 2. HP: 11/28 MP: 5/5
   353 | D:2      | Found an opulent altar of Gozag.
   367 | D:2      | Reached skill level 5 in Fighting
   489 | D:2      | Reached XP level 3. HP: 27/36 MP: 6/6
   951 | D:2      | Found a glowing golden altar of the Shining One.
   960 | D:2      | Found a blossoming altar of Fedhas.
   961 | D:2      | Found an ancient bone altar of Kikubaaqudgha.
   961 | D:2      | Found a burning altar of Makhleb.
   962 | D:2      | Found a radiant altar of Vehumet.
   963 | D:2      | Found a snail-covered altar of Cheibriados.
   964 | D:2      | Found a basalt altar of Yredelemnul.
   965 | D:2      | Found a glowing silver altar of Zin.
  1009 | D:3      | Noticed Natasha
  1030 | D:3      | Killed Natasha
  1030 | D:3      | Reached XP level 4. HP: 29/44 MP: 7/7
  1158 | D:3      | Reached skill level 6 in Fighting
  1203 | D:3      | Noticed Natasha
  1204 | D:3      | Noticed Jessica
  1206 | D:3      | Killed Jessica
  1210 | D:3      | Killed Natasha
  1210 | D:3      | Reached XP level 5. HP: 20/51 MP: 8/8
  1290 | D:3      | Noticed Natasha
  1297 | D:3      | Killed Natasha
  1500 | D:4      | Reached skill level 2 in Dodging
  1769 | D:4      | Reached XP level 6. HP: 48/58 MP: 9/9
  1771 | D:4      | Got a dazzling chain mail
  1782 | D:4      | Identified the +8 chain mail "Ekaucock" {Dex+4} (You found it on level 4 of the Dungeon)
  1785 | D:4      | Found a bloodstained altar of Trog.
  1812 | D:4      | Noticed tsouns's ghost (novice GnBe)
  1819 | D:4      | Reached skill level 7 in Fighting
  1883 | D:4      | Found Luomaici's Food Boutique.
  1951 | D:4      | Found Dafrah's Magic Scroll Shop.
  1966 | D:4      | Bought a scroll of identify for 24 gold pieces
  1966 | D:4      | Bought a scroll of teleportation for 36 gold pieces
  1966 | D:4      | Bought a scroll of identify for 24 gold pieces
  1966 | D:4      | Bought a scroll of teleportation for 36 gold pieces
  1966 | D:4      | Bought a scroll of magic mapping for 42 gold pieces
  1987 | D:4      | Found Papith's Antique Weapon Shoppe.
  2052 | D:4      | Found Gakarof's Book Shop.
  2162 | D:5      | Entered Level 5 of the Dungeon
  2281 | D:5      | Reached skill level 2 in Evocations
  2329 | D:5      | Reached XP level 7. HP: 62/67 MP: 11/11
  2481 | D:6      | Noticed Prince Ribbit
  2587 | D:6      | Reached skill level 8 in Fighting
  2722 | D:6      | Killed Prince Ribbit
  2722 | D:6      | Reached skill level 2 in Armour
  3282 | D:5      | Reached skill level 3 in Evocations
  3282 | D:5      | Reached XP level 8. HP: 74/77 MP: 13/13
  3380 | D:7      | Found a shadowy altar of Dithmenos.
  3388 | D:7      | Reached skill level 9 in Fighting
  3521 | D:7      | Found a staircase to the Ecumenical Temple.
  3551 | D:7      | Reached skill level 4 in Evocations
  4087 | D:8      | Reached skill level 10 in Fighting
  4218 | D:8      | Reached skill level 3 in Dodging
  4297 | D:8      | Reached skill level 4 in Dodging
  4360 | D:7      | Reached XP level 9. HP: 85/85 MP: 15/15
  4380 | D:7      | Found a shattered altar of Ashenzari.
  4452 | D:7      | Reached skill level 5 in Dodging
  4883 | D:9      | Reached skill level 6 in Dodging
  5015 | D:9      | Reached skill level 7 in Dodging
  5025 | D:9      | Noticed a komodo dragon
  5051 | D:9      | Killed a komodo dragon
  5164 | D:9      | Reached skill level 8 in Dodging
  5284 | D:9      | Found Mofaimae's Antique Armour Boutique.
  5346 | D:9      | Found Ciatopas's Book Boutique.
  5371 | D:9      | Found Bifamoh's Jewellery Emporium.
  5437 | D:9      | Found Udiynnur's General Store.
  5548 | D:9      | Found Woaciece's Antique Armour Shop.
  5588 | D:9      | Found a basalt altar of Yredelemnul.
  5640 | D:10     | Entered Level 10 of the Dungeon
  5662 | D:10     | Reached skill level 9 in Dodging
  5691 | D:10     | Noticed Psyche
  5738 | D:10     | Killed Psyche
  5738 | D:10     | Reached XP level 10. HP: 85/93 MP: 16/16
  5810 | D:10     | Noticed Erolcha
  5818 | D:10     | Killed Erolcha
  5818 | D:10     | Reached skill level 10 in Dodging
  5864 | D:11     | Found Hyeloa's Magic Scroll Boutique.
  5971 | D:11     | Bought a scroll of identify for 34 gold pieces
  5973 | D:11     | Bought a scroll of random uselessness for 17 gold pieces
  6215 | D:11     | Noticed Josephine
  6247 | D:11     | Killed Josephine
  6255 | D:11     | Reached skill level 11 in Fighting
  6430 | D:10     | Found a staircase to the Lair.
  6451 | Lair:1   | Entered Level 1 of the Lair of Beasts
  6472 | D:10     | Got a faintly glowing marble ring
  6473 | D:10     | Identified the ring of Kaheda {rF+ rC+ Str-5 Dex+5} (You found it on level 10 of the Dungeon)
  6549 | D:10     | Noticed Urug
  6594 | D:10     | Killed Urug
  6655 | D:10     | Noticed Fannar
  6732 | D:10     | Killed Fannar
  6732 | D:10     | Reached XP level 11. HP: 56/104 MP: 17/17
  6849 | D:10     | Noticed a wizard
  6854 | D:10     | Killed a wizard
  6854 | D:10     | Reached skill level 12 in Fighting
  7428 | D:10     | Found a staircase to the Orcish Mines.
  7846 | D:11     | Reached skill level 13 in Fighting
  7881 | D:11     | Found a blossoming altar of Fedhas.
  7998 | Orc:1    | Entered Level 1 of the Orcish Mines
  8038 | Orc:1    | Noticed an ettin
  8060 | Orc:1    | Killed an ettin
  8110 | Orc:1    | Noticed an orc knight
  8132 | Orc:1    | Paralysed by an orc sorcerer for 5 turns
  8165 | Orc:1    | Noticed Nergalle
  8175 | Orc:1    | Killed Nergalle
  8211 | Orc:1    | Killed an orc knight
  8244 | Orc:1    | Noticed an orc knight
  8274 | Orc:1    | Killed an orc knight
  8274 | Orc:1    | Reached skill level 14 in Fighting
  8441 | Orc:1    | Found a roughly hewn altar of Beogh.
  8645 | Orc:1    | Reached skill level 1 in Spellcasting
  8720 | Orc:2    | Entered Level 2 of the Orcish Mines
  8720 | Orc:2    | Found a roughly hewn altar of Beogh.
  8777 | Orc:2    | Quit the game

Vault maps used:
D:1:      minmay_arrival_wavy_path
D:2:      minitemple
D:3:      uniq_jessica, uniq_natasha
D:4:      kennysheep_little_box, serial_shops, nicolae_shop_overgrown_old_shop,
          nicolae_shop_stone, shop, shop
D:5:      first_bread
D:6:      uniq_prince_ribbit1
D:7:      nicolae_dithmenos_the_darkroom, old_standard_altar,
          minmay_temple_entry_trees, the_bakery
D:8:      grunt_decor_one_mirror
D:9:      basic_altar, serial_shops, nicolae_shop_stone, shop,
          kennysheep_mini_moat, shop, nicolae_shop_trees, minivault_26,
          hangedman_corner_corridor
D:10:     lair_entry_dummy, orc_0_dummy, minmay_librarian, uniq_fannar,
          uniq_psyche, uniq_urug, uniq_erolcha
D:11:     serial_shops, nicolae_shop_crystal, fedhas_altar_fruit_tree,
          uniq_josephine
Lair:1:   hibernation_bobbens
Orc:1:    mines2_david, uniq_nergalle
Orc:2:    st_orc_mages, basic_altar

Skill      XL: |  1  2  3  4  5  6  7  8  9 10 11 |
---------------+----------------------------------+-----
Fighting       | 5 6 7 8 10 11 14 | 14.2
Dodging        | 2 4 9 10 | 10.4
Evocations     | 2 3 4 |  4.0
Armour         | 2 |  2.8
Spellcasting   | 1 |  1.1
Axes           | |  1.8
Throwing       | |  1.2

Action                   |  1- 3 |  4- 6 |  7- 9 | 10-12 || total
-------------------------+-------+-------+-------+-------++-------
Melee: Hand axe          |    22 |       |       |       ||    22
       Short sword       |    96 |   193 |   571 |   761 ||  1621
       Dagger            |       |       |       |    58 ||    58
       Scimitar          |       |       |       |     8 ||     8
 Fire: Hand crossbow     |       |       |    16 |     7 ||    23
       Shortbow          |       |       |       |    19 ||    19
Throw: Stone             |     3 |       |       |       ||     3
Evoke: Wand              |       |     2 |    63 |    62 ||   127
  Use: Scroll            |       |     8 |     9 |    17 ||    34
       Potion            |       |     2 |     6 |     4 ||    12
 Stab: Confused          |       |     2 |    35 |    21 ||    58
       Invisible         |       |       |     5 |       ||     5
  Eat: Chunk             |     1 |     4 |    12 |    30 ||    47
       Fruit             |       |       |       |     2 ||     2
       Meat ration       |       |       |       |     1 ||     1
Armor: Ring mail         |    38 |    39 |       |       ||    77
       Chain mail        |       |    67 |   412 |   479 ||   958
Dodge: Dodged            |    65 |   110 |   299 |   764 ||  1238
       Rpst.: Scimitar   |       |       |       |     4 ||     4

Table legend:
 A = Spawn XP
 B = Non-spawn XP
 C = Spawn XP percentage of total XP
 D = Spawn monster count
 E = Non-spawn monster count
 F = Spawn count percentage of total count
 G = Total turns spent on level
                    A         B        C        D         E        F      G
               +---------+---------+-------+---------+---------+-------+---------
         Total |    1940 |   21611 |   8.2 |      16 |     295 |   5.1 |  8777
               +---------+---------+-------+---------+---------+-------+---------
           D:1 |       0 |      30 |   0.0 |       0 |      19 |   0.0 |   438
           D:2 |      14 |      50 |  21.9 |       2 |      20 |   9.1 |   581
           D:3 |       2 |     292 |   0.7 |       1 |      29 |   3.3 |   551
           D:4 |      97 |     132 |  42.4 |       3 |       7 |  30.0 |   592
           D:5 |      16 |     495 |   3.1 |       2 |      22 |   8.3 |   666
           D:6 |       0 |     689 |   0.0 |       0 |      14 |   0.0 |   541
           D:7 |       0 |     925 |   0.0 |       0 |      19 |   0.0 |   785
           D:8 |      48 |     964 |   4.7 |       1 |      22 |   4.3 |   618
           D:9 |     256 |    2155 |  10.6 |       2 |      27 |   6.9 |   892
          D:10 |     402 |    6882 |   5.5 |       1 |      48 |   2.0 |  1463
          D:11 |     798 |    2932 |  21.4 |       3 |      22 |  12.0 |   771
          D:12 |       0 |     766 |   0.0 |       0 |       7 |   0.0 |    97
         Orc:1 |     307 |    5299 |   5.5 |       1 |      39 |   2.5 |   774
               +---------+---------+-------+---------+---------+-------+---------

Table legend:
 A = Turns spent in this place as a percentage of turns spent in the entire game.
 B = Non-inter-level travel turns spent in this place as a percentage of non-inter-level travel turns spent in the entire game.
 C = Inter-level travel turns spent in this place as a percentage of turns spent in this place.
 D = Turns resting spent in this place as a percentage of non-inter-level travel turns spent in this place.
 E = Turns spent auto-exploring this place as a percentage of non-inter-level travel turns spent in this place.
 F = Non-inter-level travel turns spent in this place divided by the number of levels of this place that you've seen.
                   A       B       C       D       E      F
               +-------+-------+-------+-------+-------+----------------------
         Total | 100.0 | 100.0 |   7.9 |   0.0 |   0.0 | 538.9
       Dungeon |  91.1 |  91.4 |   7.6 |   0.0 |   0.0 | 615.4
          Lair |   0.0 |   0.0 |   0.0 |   0.0 |   0.0 |   3.0
  Orcish Mines |   8.9 |   8.6 |  10.7 |   0.0 |   0.0 | 348.0
               +-------+-------+-------+-------+-------+----------------------

Table legend:
 A = Kills in this place as a percentage of kills in entire the game.
 B = Kills by you in this place as a percentage of kills by you in the entire game.
 C = Kills by friends in this place as a percentage of kills by friends in the entire game.
 D = Other kills in this place as a percentage of other kills in the entire game.
 E = Experience gained in this place as a percentage of experience gained in the entire game.
 F = Experience gained in this place divided by the number of levels of this place that you have seen.
                   A       B       C       D       E      F
               +-------+-------+-------+-------+-------+----------------------
         Total | 100.0 | 100.0 | 100.0 | 100.0 | 100.0 | 1570.1
       Dungeon |  87.1 |  86.7 | 100.0 |  91.7 |  76.2 | 1495.4
  Orcish Mines |  12.9 |  13.3 |   0.0 |   8.3 |  23.8 | 2803.0
               +-------+-------+-------+-------+-------+----------------------

Vault maps used:
D:1:      minmay_arrival_wavy_path
D:2:      minitemple
D:3:      uniq_jessica, uniq_natasha
D:4:      kennysheep_little_box, serial_shops, nicolae_shop_overgrown_old_shop,
          nicolae_shop_stone, shop, shop
D:5:      first_bread
D:6:      uniq_prince_ribbit1
D:7:      nicolae_dithmenos_the_darkroom, old_standard_altar,
          minmay_temple_entry_trees, the_bakery
D:8:      grunt_decor_one_mirror
D:9:      basic_altar, serial_shops, nicolae_shop_stone, shop,
          kennysheep_mini_moat, shop, nicolae_shop_trees, minivault_26,
          hangedman_corner_corridor
D:10:     lair_entry_dummy, orc_0_dummy, minmay_librarian, uniq_fannar,
          uniq_psyche, uniq_urug, uniq_erolcha
D:11:     serial_shops, nicolae_shop_crystal, fedhas_altar_fruit_tree,
          uniq_josephine
Lair:1:   hibernation_bobbens
Orc:1:    mines2_david, uniq_nergalle
Orc:2:    st_orc_mages, basic_altar
